 Dungeon Crawl Stone Soup version 0.23-a0-641-g0a7f1ce553 (webtiles) character file.

41 Morenatsu the Cudgeler (level 3, 31/31 HPs)
             Began as a Minotaur Fighter on Dec 30, 2018.
             Got out of the dungeon alive.
             The game lasted 00:01:29 (1193 turns).

Morenatsu the Cudgeler (Minotaur Fighter)           Turns: 1193, Time: 00:01:30

Health: 31/31      AC:  6    Str: 21    XL:     3   Next: 32%
Magic:  2/2        EV:  7    Int:  5    God:
Gold:   44         SH:  9    Dex:  9    Spells: 2/2 levels left

rFire    . . .     SeeInvis .   a - +0 flail
rCold    . . .     Gourm    .   c - +0 shield
rNeg     . . .     Faith    .   b - +0 scale mail
rPois    +         Spirit   .   (helmet restricted)
rElec    .         Reflect  .   (no cloak)
rCorr    .         Harm     .   (no gloves)
MR       .....                  (no boots)
Stlth    ..........             (no amulet)
HPRegen  0.10/turn              e - ring of poison resistance
MPRegen  0.08/turn              (no ring)

@: no status effects
A: retaliatory headbutt, horns 2
a: no special abilities


You escaped.
You were hungry.

You visited 1 branch of the dungeon, and saw 2 of its levels.

You collected 44 gold pieces.

Inventory:

Hand Weapons
 a - a +0 flail (weapon)
Armour
 b - a +0 scale mail (worn)
 c - a +0 shield (worn)
Jewellery
 e - a ring of poison resistance (left hand)
Scrolls
 i - a scroll of teleportation
Potions
 d - a potion of might
 h - 2 potions of ambrosia
 j - a potion of haste {unknown}
 k - 2 potions of lignification {unknown}
 l - a potion of brilliance {unknown}
Comestibles
 f - 3 rations


   Skills:
 - Level 3.6 Fighting
 + Level 4.6 Maces & Flails
 - Level 3.6 Armour
 - Level 3.6 Shields


You had 2 spell levels left.
You didn't know any spells.
Your spell library was empty.

Dungeon Overview and Level Annotations

Branches:
Dungeon (2/15)

Altars:


Innate Abilities, Weirdness & Mutations

You reflexively headbutt those who attack you in melee.
You have a pair of horns on your head.


Message History

There is a stone staircase leading up here.
You see here a stone.
You climb upwards.
There is a stone staircase leading down here.
Why would you want to do that? Why would you want to do that?
Why would you want to do that? Why would you want to do that?
Why would you want to do that? Why would you want to do that?
You see here a robe.
Why would you want to do that? Why would you want to do that?
Why would you want to do that?
There is a staircase leading out of the dungeon here.
There is a staircase leading out of the dungeon here.
Are you sure you want to leave the Dungeon?
This will make you lose the game! [Y]es or [N]o only, please.
Are you sure you want to leave the Dungeon?
This will make you lose the game!
You have escaped!

#..# ########################
#..# #>...................≈≈#
#..# #.(............≈≈≈≈≈≈≈≈#
#..# #.(....≈≈≈≈≈≈≈≈≈≈≈≈≈≈≈.#
#..# #.≈≈≈≈≈≈≈≈≈≈≈≈≈≈≈≈......
#..# #≈≈≈≈≈≈≈≈≈≈≈≈≈≈≈........
#..# #≈≈≈≈≈≈.....[...........
###..# #≈≈≈≈...........≈≈≈≈...#
.....######≈≈...@.......≈≈≈≈≈≈≈≈#
.........#####.......≈≈≈≈..≈≈≈≈≈#
.÷)....### ####≈≈≈≈≈≈≈........#
###.##.# #≈≈≈≈≈≈≈≈..........) #
#.##.# #########........... #
#.##.# ##.##..####. # #.##.#
#.......... #.##.# ####..####.
#.##.# #..#####


There were no monsters in sight!

Vanquished Creatures
  A shadow imp (D:2)
  An ooze (D:1)
  A leopard gecko (D:1)
  9 goblins (D:1)
  4 hobgoblins
  3 frilled lizards
  5 kobolds
  3 rats
27 creatures vanquished.

Notes
Turn   | Place    | Note
-------+----------+-------------------------------------------
     0 | D:1      | Morenatsu the Minotaur Fighter began the quest for the Orb.
     0 | D:1      | Reached XP level 1. HP: 19/19 MP: 0/0
   551 | D:1      | Reached skill level 3 in Maces & Flails
   588 | D:1      | Reached XP level 2. HP: 25/26 MP: 1/1
   684 | D:1      | Reached skill level 4 in Maces & Flails
  1001 | D:2      | Reached XP level 3. HP: 25/31 MP: 2/2
  1193 | D:$      | Got out of the dungeon alive.

Vault maps used:
D:1:      dpeg_arrival_chase

Skill      XL: |  1  2 |
---------------+-------+-----
Maces & Flails | 3 4 |  4.6
Fighting       | |  3.6
Armour         | |  3.6
Shields        | |  3.6

Action                   || total
-------------------------++-------
Melee: Flail             ||    61
       Headbutt          ||     7
  Use: Scroll            ||     3
Armor: Scale mail        ||    25
Dodge: Dodged            ||    27
Block: Shield            ||    43

Table legend:
 A = Non-vault XP
 B = Vault XP
 C = Vault XP percentage of total XP
 D = Non-vault monster count
 E = Vault monster count
 F = Vault count percentage of total count
                 A         B        C        D         E       F
            +---------+---------+-------+---------+---------+-------
      Total |      59 |       0 |   0.0 |      27 |       0 |   0.0
            +---------+---------+-------+---------+---------+-------
        D:1 |      39 |       0 |   0.0 |      19 |       0 |   0.0
        D:2 |      20 |       0 |   0.0 |       8 |       0 |   0.0
            +---------+---------+-------+---------+---------+-------
